 Dungeon Crawl Stone Soup version 0.27.1-1-g398f81649c (webtiles) character file.

Game seed: 3588214706050490641

268 H0rd4k the Magician (level 6, 0/36 HPs)
             Began as an Octopode Hedge Wizard on Sept 16, 2021.
             Slain by a water moccasin skeleton (4 damage)
             ... on level 4 of the Dungeon.
             The game lasted 00:05:32 (4308 turns).

H0rd4k the Magician (Octopode Hedge Wizard)         Turns: 4308, Time: 00:05:33

Health: 0/36       AC:  1    Str:  8 (9)  XL:     6   Next: 21%
Magic:  1/12       EV: 13    Int: 16 (18) God:
Gold:   121        SH:  0    Dex: 11 (12) Spells: 4/13 levels left

rFire    . . .     SeeInvis .   m - +1 dagger (freeze)
rCold    . . .     Faith    .   (no shield)
rNeg     . . .     Spirit   .   b - +0 hat
rPois    .         Reflect  .   (no amulet)
rElec    .         Harm     .   (no ring)
rCorr    .         Rampage  .   (no ring)
Will     .....                  (no ring)
Stlth    +++.......             (no ring)
HPRegen  0.12/turn              (no ring)
MPRegen  0.13/turn              (no ring)
                                (no ring)
                                (no ring)

@: no status effects
A: almost no armour, amphibious, 8 rings, camouflage 1, gelatinous body 1,
(nimble swimmer 1), tentacles
a: no special abilities


You were on level 4 of the Dungeon.
You visited 1 branch of the dungeon, and saw 4 of its levels.

You collected 121 gold pieces.

Inventory:

Hand Weapons
 m - a +1 dagger of freezing (weapon)
Armour
 b - a +0 hat (worn)
Magical Staves
 g - a staff of poison
Wands
 f - a wand of polymorph (4)
Scrolls
 d - a scroll of magic mapping {unknown}
 i - a scroll of blinking {unknown}
 k - a scroll of identify {unknown}
Potions
 a - a potion of invisibility {unknown}
 c - 2 potions of magic {unknown}
 h - a potion of lignification {unknown}
 j - a potion of degeneration
 l - a potion of attraction {unknown}
 n - a potion of berserk rage {unknown}
 o - a potion of curing {unknown}


   Skills:
 + Level 0.3 Fighting
 + Level 0.2 Short Blades
 + Level 2.2 Dodging
 + Level 3.2 Stealth
 + Level 4.4 Spellcasting
 + Level 3.2 Conjurations
 + Level 1.0 Summonings
 + Level 1.0 Translocations
 + Level 1.5 Fire Magic
 + Level 1.3 Air Magic
 + Level 1.8 Poison Magic


You had 4 spell levels left.
You knew the following spells:

 Your Spells              Type           Power      Damage    Failure   Level
a - Magic Dart            Conj           52%        1d5       4%          1
b - Blink                 Tloc           N/A        N/A       16%         2
c - Conjure Flame         Conj/Fire      11%        6-21      19%         3
d - Mephitic Cloud        Conj/Pois/Air  10%        N/A       21%         3

Your spell library contained the following spells:

 Spells                   Type           Power      Damage    Failure   Level
 Call Imp                 Summ           6%         N/A       16%         2
 Slow                     Hex            3%         N/A       24%         2
 Confusing Touch          Hex            3%         N/A       43%         3
 Vampiric Draining        Necr           1%         2d6       43%         3


Dungeon Overview and Level Annotations

Branches:
Dungeon (4/15)
 Temple: D:4-7

Altars:
Ashenzari
Kikubaaqudgha
Uskayaw

Shops:
D:2 [

Annotations:
D:1 exclusion: downstairs
D:2 Terence
D:3 1 runed translucent door, exclusions: centaur and door, Crazy Yiuf


Innate Abilities, Weirdness & Mutations

You cannot wear most types of armour.
You are amphibious.
You can wear up to eight rings at the same time.
Your skin changes colour to match your surroundings (Stealth+).
Your rubbery body absorbs attacks. (AC +1, EV +1)
((You are camouflaged near water. (Stealth+)))
You have tentacles for arms and can constrict up to eight enemies at once.


Message History

You are very lightly contaminated with residual magic.
Nothing appears to happen.
A water moccasin skeleton comes into view.
The magic dart hits the water moccasin skeleton.
The water moccasin skeleton is lightly damaged.
The magic dart hits the water moccasin skeleton.
The water moccasin skeleton is moderately damaged.
The water moccasin skeleton barely misses you.
The magic dart hits the water moccasin skeleton.
The water moccasin skeleton is moderately damaged.
The water moccasin skeleton bites you.
The magic dart hits the water moccasin skeleton.
The water moccasin skeleton is heavily damaged.
The water moccasin skeleton bites you.
The magic dart hits the water moccasin skeleton.
The water moccasin skeleton is heavily damaged.
The water moccasin skeleton bites you! The water moccasin skeleton bites you.
Your magical contamination has completely faded away.
Casting: Magic Dart (safe; 3% risk of failure)
Confirm with . or Enter, or press ? or * to list all spells.
You blink.
The adder skeleton bites you.
The water moccasin skeleton closely misses you.
Casting: Blink (safe; 14% risk of failure)
Confirm with . or Enter, or press ? or * to list all spells.
You blink.
The water moccasin skeleton bites you but does no damage.
Casting: Blink (safe; 14% risk of failure)
Confirm with . or Enter, or press ? or * to list all spells.
You blink.
The water moccasin skeleton bites you!
* * * LOW HITPOINT WARNING * * *
This is a scroll of acquirement!
Something appears before you! The water moccasin skeleton bites you.
* * * LOW HITPOINT WARNING * * *
Unknown command.
Unknown command.
It was a potion of degeneration.
There was something very wrong with that liquid.
You feel weakened.
You feel dopey.
You feel clumsy. The water moccasin skeleton bites you.
You die...

########.#
#......#.#
#.####.#.#
#.####†#.# #
#......#.##
...#.#####..#..#
....$....#..#..#
#§##..##.#
##.##@....#
###..ZZ.#####
8##8##8#.#####
.........#
8##8##8### ##


You could see an adder skeleton and a water moccasin skeleton.

Vanquished Creatures
  Sigmund (D:3)
  3 adders
  An adder skeleton (D:4)
  2 dart slugs
  3 orcs (D:3)
  5 bats
  7 endoplasms
  A giant cockroach (D:4)
  5 goblins
  8 hobgoblins
  8 jackals
  A quokka (D:1)
  10 ball pythons
  A frilled lizard (D:1)
  A kobold (D:1)
  4 rats
61 creatures vanquished.

Vanquished Creatures (others)
  A human (D:4)
  A fungus (D:3)
2 creatures vanquished.

Grand Total: 63 creatures vanquished

Notes
Turn   | Place    | Note
-------+----------+-------------------------------------------
     0 | D:1      | H0rd4k the Octopode Hedge Wizard began the quest for the
                  | Orb.
     0 | D:1      | Reached XP level 1. HP: 11/11 MP: 4/4
   129 | D:1      | Reached XP level 2. HP: 17/17 MP: 0/6
   995 | D:1      | Reached XP level 3. HP: 21/21 MP: 6/8
   998 | D:1      | Learned a level 2 spell: Blink
  1728 | D:2      | Noticed Terence
  1753 | D:2      | Found a broken altar of Ashenzari.
  1762 | D:2      | Learned a level 3 spell: Conjure Flame
  1766 | D:2      | Learned a level 3 spell: Mephitic Cloud
  2281 | D:2      | Found a faded altar of an unknown god.
  2354 | D:2      | Reached XP level 4. HP: 27/27 MP: 4/9
  2717 | D:2      | Found Acykh's Armour Boutique.
  3198 | D:3      | Noticed Sigmund
  3245 | D:3      | Killed Sigmund
  3246 | D:3      | Reached skill level 4 in Spellcasting
  3246 | D:3      | Reached skill level 1 in Fire Magic
  3246 | D:3      | Reached skill level 1 in Air Magic
  3246 | D:3      | Reached skill level 1 in Poison Magic
  3246 | D:3      | Reached XP level 5. HP: 31/31 MP: 2/11
  3246 | D:3      | Reached XP level 6. HP: 36/36 MP: 2/12
  3560 | D:3      | Found a hide-covered altar of Uskayaw.
  3837 | D:3      | Found a runed translucent door.
  3838 | D:3      | Noticed Crazy Yiuf
  4167 | D:4      | Found an ancient bone altar of Kikubaaqudgha.
  4167 | D:4      | Noticed a human
  4170 | D:4      | Killed a human
  4307 | D:4      | Identified a scroll of acquirement
  4307 | D:4      | Acquired the +1 hat of Complete Protection {MP+9}
  4308 | D:4      | Slain by a water moccasin skeleton

Illustrated notes

Levels and vault maps discovered:
D:1:      onia_arrival_pentagram, layout_loops_ring
D:2:      layout_basic, basic_altar, chequers_ecumenical_altar_simple,
          serial_shops, shop, uniq_terence
D:3:      layout_loops_ring, nicolae_uskayaw_murder_on_the_dancefloor,
          uniq_sigmund, uniq_crazy_yiuf_cottage
D:4:      layout_basic, tgw_kikubaaqudgha, marbit_many_paths, led_sif_book,
          amcnicky_mini_corridor_feature, minmay_goblin_outpost

Skill      XL: |  1  2  3  4 |
---------------+-------------+-----
Stealth        | 3 |  3.2
Conjurations   | 2 3 |  3.2
Spellcasting   | 4 |  4.4
Fire Magic     | 1 |  1.5
Air Magic      | 1 |  1.3
Poison Magic   | 1 |  1.8
Fighting       | |  0.3
Short Blades   | |  0.2
Dodging        | |  2.2
Summonings     | |  1.0
Translocations | |  1.0

Action                   |  1- 3 |  4- 6 || total
-------------------------+-------+-------++-------
Melee: Dagger            |    13 |     9 ||    22
       Tentacles         |     3 |     2 ||     5
       Constrict         |     3 |     1 ||     4
 Cast: Magic Dart        |    93 |    62 ||   155
       Blink             |       |     4 ||     4
       Conjure Flame     |       |     1 ||     1
       Mephitic Cloud    |       |     1 ||     1
  Use: Scroll            |       |     3 ||     3
       Potion            |       |     1 ||     1
Armor: Skin              |       |     1 ||     1
Dodge: Dodged            |    18 |    11 ||    29
